[Event "Titled Tuesday Blitz April 25 Early 2023"]
[White "Stanisz, Patryk"]
[Black "Fan_Of_Chucky"]
[WhiteFideId "1123106"]
[WhiteElo "2069"]
[BlackElo "2429"]
[Result "0-1"]
[Round "06"]
[TimeControl "180+2"]
[Date "2023.04.25"]
[WhiteClock "0:00:03"]
[BlackClock "0:00:13"]

1. d4 Nf6 2. c4 g6 3. Nc3 d5 4. Nf3 Bg7 5. Qb3 dxc4 6. Qxc4 a6 7. Bf4 Nc6 8. d5 Na5 9. Qxc7 Qxc7 10. Bxc7 Nc4 11. e3 Nxb2 12. Rc1 Bd7 13. Be2 Rc8 14. Be5 Na4 15. O-O Nxc3 16. Rxc3 O-O 17. Rxc8 Rxc8 18. d6 exd6 19. Bxd6 Be6 20. a4 Nd5 21. Rb1 Nc3 22. Re1 Nxe2+ 23. Rxe2 Rc1+ 24. Re1 Rxe1+ 25. Nxe1 Bb3 26. a5 Bc3 27. Nd3 Bxa5 28. e4 Be6 29. Nc5 Bc8 30. f4 Bb6 31. Kf1 Ba7 32. e5 Bb6 33. Ne4 Bd8 34. Ke2 b5 35. Kd3 Bb7 36. Nc5 Bxg2 37. Nxa6 Bb6 38. Nb4 Bg1 39. h4 Bf2 40. Be7 Bg3 41. Ke3 h5 42. Nd3 Bf1 43. Nc5 b4 44. Nd7 b3 45. Ba3 Bxh4 46. Ke4 Bb5 47. Nc5 Bc6+ 48. Kd4 Bf2+ 49. Kc4 Bxc5 50. Kxc5 Bd7 51. Bb2 h4 52. Kb4 h3 53. e6 Bxe6 54. f5 Bxf5 55. Be5 b2 56. Kc3 b1=Q 0-1


[Site "https://www.chess.com"]

[Event "Titled Tuesday Blitz April 25 Early 2023"]
[White "Bochnicka, Vladimir"]
[Black "Sailer, Mike"]
[WhiteFideId "14943450"]
[BlackFideId "2012901"]
[WhiteElo "2094"]
[BlackElo "2109"]
[Result "1-0"]
[Round "06"]
[TimeControl "180+2"]
[Date "2023.04.25"]
[WhiteClock "0:00:28"]
[BlackClock "0:00:07"]

1. e4 d5 2. exd5 Qxd5 3. Nc3 Qd6 4. d4 Nf6 5. g3 Bf5 6. Bf4 Qd8 7. Bg2 c6 8. Nge2 e6 9. O-O Bd6 10. Re1 Bxf4 11. Nxf4 h6 12. Nce2 O-O 13. c4 Be4 14. Nc3 Bxg2 15. Nxg2 Nbd7 16. Qe2 Qb6 17. Rad1 Rad8 18. b3 Qb4 19. Qc2 b5 20. Ne3 bxc4 21. bxc4 Qa5 22. Rb1 Rb8 23. c5 e5 24. Nc4 Qc7 25. Nxe5 Nxe5 26. dxe5 Rxb1 27. Nxb1 Re8 28. Qc3 Nd7 29. f4 f6 30. e6 Nb8 31. Nd2 f5 32. Nc4 Re7 33. Nd6 Na6 34. Nxf5 Re8 35. e7 Rxe7 36. Rxe7 1-0


[Site "https://www.chess.com"]

[Event "Titled Tuesday Blitz April 25 Early 2023"]
[White "Toktomushev, Teimur"]
[Black "Hartikainen, Jarmo"]
[WhiteFideId "14176726"]
[BlackFideId "503134"]
[WhiteElo "2116"]
[BlackElo "2160"]
[Result "1-0"]
[Round "06"]
[TimeControl "180+2"]
[Date "2023.04.25"]
[WhiteClock "0:00:06"]
[BlackClock "0:00:02"]

1. d4 Nf6 2. c4 g6 3. Nc3 d5 4. cxd5 Nxd5 5. e4 Nxc3 6. bxc3 Bg7 7. Be3 O-O 8. Qd2 c5 9. Nf3 cxd4 10. cxd4 Nc6 11. Rc1 Bg4 12. d5 Bxf3 13. gxf3 Ne5 14. Be2 f5 15. f4 Ng4 16. Bxg4 fxg4 17. O-O Rc8 18. Rxc8 Qxc8 19. Rc1 Qb8 20. e5 b5 21. Qb4 Qb7 22. Rc6 a6 23. Qc5 Qd7 24. Rc7 Qf5 25. Qxe7 Rf7 26. Qxf7+ Qxf7 27. Rxf7 Kxf7 28. Kf1 Bf8 29. Ke2 Bb4 30. Kd3 h5 31. Ke4 Be1 32. f5 a5 33. e6+ Ke8 34. fxg6 Bc3 35. d6 b4 36. d7+ Kd8 37. Bg5+ Bf6 38. Bxf6+ Kc7 39. d8=Q+ Kc6 40. e7 Kc5 41. e8=Q Kc4 42. Qxa5 h4 43. Qeb5# 1-0


[Site "https://www.chess.com"]

[Event "Titled Tuesday Blitz April 25 Early 2023"]
[White "Tarasova, Viktoriya"]
[Black "Parkhov, Yair"]
[WhiteFideId "4175840"]
[BlackFideId "2813408"]
[WhiteElo "2182"]
[BlackElo "2421"]
[Result "0-1"]
[Round "06"]
[TimeControl "180+2"]
[Date "2023.04.25"]
[WhiteClock "0:01:12"]
[BlackClock "0:01:15"]

1. d4 Nf6 2. c4 e5 3. dxe5 Ng4 4. e3 Nxe5 5. f4 Ng6 6. Bd3 Bb4+ 7. Bd2 Qe7 8. Qe2 Bxd2+ 9. Nxd2 O-O 10. Ngf3 Re8 11. Kf2 Nxf4 12. Qf1 Nxd3+ 13. Qxd3 Nc6 14. Rhe1 d6 15. a3 Ne5 16. Nxe5 Qxe5 17. Kg1 Qxb2 18. Rab1 Qe5 19. e4 b6 20. Rb5 Qe7 21. Rh5 g6 22. Rb5 Bb7 23. Qd4 Rad8 24. h3 f5 25. Rb3 fxe4 26. Rbe3 d5 27. cxd5 Rxd5 28. Qc4 Qc5 29. Qxc5 Rxc5 30. Nxe4 Bxe4 31. Rxe4 Rxe4 32. Rxe4 Kf7 0-1


[Site "https://www.chess.com"]

[Event "Titled Tuesday Blitz April 25 Early 2023"]
[White "Kalajzic, Ivan"]
[Black "Lorenzo De La Riva, Lazaro"]
[WhiteFideId "14506378"]
[BlackFideId "2268809"]
[WhiteElo "2203"]
[BlackElo "2294"]
[Result "0-1"]
[Round "06"]
[TimeControl "180+2"]
[Date "2023.04.25"]
[WhiteClock "0:00:12"]
[BlackClock "0:00:17"]

1. b3 c6 2. Bb2 d6 3. e3 e5 4. f4 Nd7 5. Nf3 e4 6. Ng5 Ngf6 7. Nc3 d5 8. Ne2 h6 9. Nh3 g6 10. a4 Bg7 11. Ra2 O-O 12. Qa1 Kh7 13. Nf2 Ne8 14. g4 Nc5 15. h4 f5 16. h5 g5 17. fxg5 Qxg5 18. gxf5 Bxf5 19. Rg1 Qe7 20. Nf4 Bxb2 21. Qxb2 Rg8 22. Rxg8 Kxg8 23. Bh3 Bxh3 24. N2xh3 Qh4+ 25. Kd1 Nd7 26. Qd4 Ng7 27. Kc1 Qf6 28. Kb2 Qxd4+ 29. exd4 Rf8 30. Ra1 Kh7 31. Rg1 Rf5 32. d3 exd3 33. Nxd3 Nxh5 34. Nhf4 Nxf4 35. Nxf4 Rxf4 36. Re1 Re4 37. Rf1 Kg7 38. Rh1 Nf6 39. Rg1+ Kf7 40. Rh1 h5 41. c3 h4 42. Ka3 Kg6 43. Kb4 Kg5 44. Kc5 Ng4 45. Kd6 Re3 46. Kc7 Rxc3 47. Kxb7 Rxb3+ 48. Kxc6 h3 49. Kxd5 Rb4 50. Kc5 Rb3 51. d5 h2 52. d6 Rc3+ 53. Kd4 Rc2 54. Kd3 Rc6 55. a5 Rxd6+ 56. Ke2 Rd5 57. a6 Ra5 58. Kf3 Ra3+ 59. Kg2 Rxa6 60. Kh3 Ra3+ 61. Kg2 Kh4 62. Rb1 Ra2+ 63. Kh1 Ra3 64. Kg2 a5 65. Rb8 Rg3+ 66. Kh1 Rg1# 0-1


[Site "https://www.chess.com"]

[Event "Titled Tuesday Blitz April 25 Early 2023"]
[White "Tokman, Ariel"]
[Black "Rudzinska, Michalina"]
[WhiteFideId "117420"]
[BlackFideId "1172883"]
[WhiteElo "2263"]
[BlackElo "2219"]
[Result "1-0"]
[Round "06"]
[TimeControl "180+2"]
[Date "2023.04.25"]
[WhiteClock "0:00:48"]
[BlackClock "0:00:04"]

1. c4 e5 2. Nf3 Nc6 3. Nc3 g6 4. d3 Bg7 5. g3 d6 6. Bg2 Nge7 7. O-O O-O 8. Rb1 a5 9. a3 f5 10. Qc2 h6 11. b4 axb4 12. axb4 Be6 13. b5 Na5 14. Nd2 c6 15. bxc6 bxc6 16. Bb2 d5 17. Na4 Qd6 18. Ra1 Rfb8 19. Ba3 Qc7 20. cxd5 Bxd5 21. e4 Bb3 22. Nxb3 Nxb3 23. Rab1 Nd4 24. Qc4+ Kh8 25. Bc5 Rb5 26. Bxd4 Rxb1 27. Rxb1 exd4 28. exf5 gxf5 29. Nc5 Qd6 30. Ne6 Rc8 31. Rb7 Bf6 32. Nf4 c5 33. Qf7 Rg8 34. Bd5 Rg7 35. Qf8+ Kh7 36. Nh5 Qxd5 37. Nxf6+ 1-0


[Site "https://www.chess.com"]

[Event "Titled Tuesday Blitz April 25 Early 2023"]
[White "Itkis, Boris"]
[Black "Ordekalog"]
[WhiteFideId "1209167"]
[WhiteElo "2216"]
[BlackElo "2483"]
[Result "1/2-1/2"]
[Round "06"]
[TimeControl "180+2"]
[Date "2023.04.25"]
[WhiteClock "0:00:03"]
[BlackClock "0:00:02"]

1. c4 e6 2. Nf3 d5 3. b3 Nf6 4. g3 c5 5. Bg2 Nc6 6. O-O Be7 7. e3 O-O 8. Qe2 b6 9. Bb2 Bb7 10. d3 a5 11. Ne1 a4 12. f4 axb3 13. axb3 Nb4 14. g4 Rxa1 15. Bxa1 Qa8 16. Bc3 Rd8 17. g5 Ne8 18. h4 dxc4 19. dxc4 Nd6 20. Bxb7 Qxb7 21. Nf3 Ne4 22. Rd1 Ng3 23. Rxd8+ Bxd8 24. Qd1 Be7 25. Bxb4 cxb4 26. Nbd2 Bc5 27. Qe1 Ne4 28. Nxe4 Qxe4 29. Kf2 Qxf4 30. Qd2 Qf5 31. Qd8+ Bf8 32. Qxb6 Qc2+ 33. Kg3 Qxb3 34. c5 Qxe3 35. Qxb4 Qxc5 36. Qe4 g6 37. h5 gxh5 38. Kh4 Qd5 39. Qf4 Bg7 40. Kxh5 Qd8 41. Ne5 Bxe5 42. Qxe5 Qf8 43. Kg4 Qe8 44. Qf6 Qc8 45. Kh5 Qf8 46. Qe5 Qe8 47. Kg4 Qe7 48. Kh5 Qf8 49. Kg4 Qg7 50. Qb8+ Qf8 51. Qe5 1/2-1/2


[Site "https://www.chess.com"]

[Event "Titled Tuesday Blitz April 25 Early 2023"]
[White "Toncheva, Nadya"]
[Black "TigranHH"]
[WhiteFideId "2924056"]
[WhiteElo "2101"]
[BlackElo "2324"]
[Result "1-0"]
[Round "06"]
[TimeControl "180+2"]
[Date "2023.04.25"]
[WhiteClock "0:00:52"]
[BlackClock "0:00:03"]

1. d4 Nf6 2. c4 e6 3. Nc3 d5 4. cxd5 exd5 5. Bg5 Be7 6. e3 c6 7. Bd3 Nbd7 8. Qc2 Nf8 9. O-O-O Ne6 10. Bxf6 Bxf6 11. f4 Qa5 12. Nf3 Bd7 13. g4 O-O-O 14. Kb1 Rhe8 15. g5 Be7 16. Ne5 Rf8 17. h4 f6 18. Nxd7 Rxd7 19. Bf5 Rd6 20. Bxh7 Kb8 21. Bd3 Nc7 22. Rdf1 Re6 23. Nd1 Nb5 24. gxf6 Bxf6 25. h5 Rfe8 26. h6 gxh6 27. Rxh6 Qb4 28. Bxb5 Qxb5 29. Rg1 a5 30. f5 Rd6 31. Rgg6 Rf8 32. a3 Qf1 33. Ka2 Kc7 34. Nc3 Be7 35. Rxd6 Bxd6 36. Nxd5+ Kb8 37. Rxd6 cxd5 38. Rd7 Rc8 39. Qb3 Rc1 40. Qxb7# 1-0


[Site "https://www.chess.com"]

[Event "Titled Tuesday Blitz April 25 Early 2023"]
[White "Chirivi C, Jenny Astrid"]
[Black "Yurasova, Daria"]
[WhiteFideId "4403061"]
[BlackFideId "34146919"]
[WhiteElo "2001"]
[BlackElo "2134"]
[Result "0-1"]
[Round "06"]
[TimeControl "180+2"]
[Date "2023.04.25"]
[WhiteClock "0:00:23"]
[BlackClock "0:01:01"]

1. d4 d5 2. c4 dxc4 3. Nf3 Nf6 4. e3 e6 5. Bxc4 a6 6. O-O b5 7. Bb3 Bb7 8. a4 b4 9. Qe2 Nbd7 10. Rd1 Be7 11. Nbd2 O-O 12. e4 c5 13. e5 Nd5 14. Ne4 cxd4 15. Rxd4 Qc7 16. Neg5 Bxg5 17. Bxg5 Rac8 18. h3 Nc5 19. Bc4 a5 20. Rc1 h6 21. Bd2 Qe7 22. Rg4 Kh8 23. b3 Nb6 24. Bb5 Nxb3 25. Rxc8 Rxc8 26. Be3 Nd5 27. Nd4 Nxe3 28. Qxe3 Nxd4 29. Qxd4 Qc5 30. Qf4 Qc1+ 31. Qxc1 Rxc1+ 32. Kh2 Bd5 33. f4 b3 34. f5 b2 35. f6 gxf6 36. exf6 b1=Q 0-1


[Site "https://www.chess.com"]

[Event "Titled Tuesday Blitz April 25 Early 2023"]
[White "Melikhov, Evgeny V."]
[Black "Albuquerque Junior,Wellington S."]
[WhiteFideId "4122046"]
[BlackFideId "2151480"]
[WhiteElo "2158"]
[BlackElo "2109"]
[Result "1/2-1/2"]
[Round "06"]
[TimeControl "180+2"]
[Date "2023.04.25"]
[WhiteClock "0:00:17"]
[BlackClock "0:00:24"]

1. d4 Nf6 2. c4 c5 3. d5 b5 4. cxb5 a6 5. b6 g6 6. Nc3 Qxb6 7. a4 a5 8. e4 d6 9. Bb5+ Nbd7 10. Nf3 Bg7 11. e5 dxe5 12. Nxe5 O-O 13. Nc4 Qb8 14. Qe2 Nb6 15. Nxb6 Qxb6 16. O-O Bb7 17. Qxe7 Nxd5 18. Nxd5 Bxd5 19. Ra3 Bf6 20. Qe2 Ra7 21. Re3 Bd4 22. Re7 Rxe7 23. Qxe7 Bf6 24. Qe2 Rd8 25. Bh6 Qe6 26. Re1 Qxe2 27. Rxe2 Be6 28. h3 Rd1+ 29. Kh2 Rb1 30. Rc2 Be5+ 31. f4 Bd4 32. f5 Bxf5 33. Re2 Be6 34. Bd2 Rxb2 35. Bxa5 Rxe2 36. Bxe2 c4 37. Bd2 Bd7 38. a5 Bb5 39. Kg3 c3 40. Bxb5 cxd2 41. Ba4 Kg7 42. Kf3 f5 43. Ke2 Kf6 44. Kxd2 g5 45. Kd3 Ba7 46. Kc4 Ke5 47. Bc2 Kf4 48. Kb5 h5 49. Kc6 g4 50. hxg4 fxg4 51. Bd1 h4 52. Kb7 Bg1 53. a6 h3 54. gxh3 gxh3 55. Ba4 Kg3 56. Bc6 h2 57. a7 Bxa7 58. Kxa7 h1=Q 59. Bxh1 1/2-1/2


[Site "https://www.chess.com"]

[Event "Titled Tuesday Blitz April 25 Early 2023"]
[White "Bueno, Alfeu Junior Varela"]
[Black "Gonzalez Zamora, Juan Carlos"]
[WhiteFideId "2108879"]
[BlackFideId "3507548"]
[WhiteElo "2175"]
[BlackElo "2535"]
[Result "0-1"]
[Round "06"]
[TimeControl "180+2"]
[Date "2023.04.25"]
[WhiteClock "0:00:03"]
[BlackClock "0:00:24"]

1. e4 d6 2. Nc3 Nf6 3. f4 g6 4. Nf3 Bg7 5. Bc4 O-O 6. d3 c6 7. a4 Nbd7 8. O-O a5 9. e5 dxe5 10. fxe5 Nd5 11. e6 fxe6 12. Ne4 N7f6 13. c3 b5 14. Bb3 Qb6+ 15. Kh1 b4 16. c4 Ne3 17. c5 Nxd1 18. cxb6 Nxe4 19. dxe4 Nxb2 20. Ra2 Nd3 21. Bg5 Nc5 22. Bc4 Rf7 23. Re2 Nxa4 24. Rd1 Nxb6 25. Rd8+ Rf8 26. Rxc8 Raxc8 27. Bxe6+ Kh8 28. Bxe7 Rfe8 29. Bxc8 Rxe7 30. Ba6 b3 31. e5 a4 32. Nd4 Rxe5 33. Nxc6 Rxe2 34. Bxe2 b2 35. Bd3 a3 36. Nb4 Bf8 37. Na2 Nd5 38. Kg1 Nb4 39. Bb1 Nxa2 40. Bxa2 Kg7 41. Kf2 Kf6 42. Kf3 Ke5 43. Ke3 Bh6+ 44. Kd3 Kf4 45. Bb1 Bf8 46. Ba2 g5 47. Bb1 h5 48. Ba2 h4 0-1


[Site "https://www.chess.com"]

[Event "Titled Tuesday Blitz April 25 Early 2023"]
[White "Omariev, Maksim"]
[Black "Ramirez, Maria Eugenia"]
[WhiteFideId "4193423"]
[BlackFideId "3301680"]
[WhiteElo "2418"]
[BlackElo "1842"]
[Result "1/2-1/2"]
[Round "06"]
[TimeControl "180+2"]
[Date "2023.04.25"]
[WhiteClock "0:00:04"]
[BlackClock "0:00:05"]

1. g4 d5 2. Bg2 e5 3. d4 e4 4. g5 Be7 5. h4 Nc6 6. c4 Be6 7. Nc3 Bb4 8. Nh3 dxc4 9. Be3 Nge7 10. Nf4 Nd5 11. Nxe6 Nxc3 12. bxc3 Bxc3+ 13. Bd2 Bxd2+ 14. Qxd2 fxe6 15. Bxe4 Nxd4 16. Bxb7 Rb8 17. Be4 O-O 18. Rd1 c5 19. Qc3 Qc7 20. Qxc4 Qe5 21. Bd3 Rf4 22. Qc1 Rbf8 23. Qe3 Qd6 24. h5 Rxf2 25. h6 g6 26. Kd2 c4 27. Kc3 cxd3 28. Qxd4 Qxd4+ 29. Kxd4 dxe2 30. Rde1 R8f5 31. Ke3 Kf7 32. Rxe2 Rxe2+ 33. Kxe2 Rxg5 34. Rb1 Rg2+ 35. Kf3 Rxa2 36. Rb7+ Kf6 37. Rxh7 Rh2 38. Kg3 Rh1 39. Kg2 Rh5 40. Kg3 a5 41. Rh8 a4 42. Kf4 Rh4+ 43. Kg3 g5 44. h7 Kg7 45. Rg8+ Kxh7 46. Rxg5 Re4 47. Ra5 Kg6 48. Kf3 Rb4 49. Ke3 Kf6 50. Kd3 e5 51. Kc3 Rd4 52. Ra8 Kf5 53. Rh8 Ke4 54. Rh4+ Kd5 55. Rh8 Rc4+ 56. Kd3 Rb4 57. Rd8+ Ke6 58. Re8+ Kf5 59. Rf8+ Ke6 60. Re8+ Kd6 61. Rd8+ Ke7 62. Ra8 Kf6 63. Rf8+ Ke6 64. Re8+ 1/2-1/2


[Site "https://www.chess.com"]

[Event "Titled Tuesday Blitz April 25 Early 2023"]
[White "Orujov2008"]
[Black "mjelcic"]
[WhiteElo "2404"]
[BlackElo "2213"]
[Result "1-0"]
[Round "06"]
[TimeControl "180+2"]
[Date "2023.04.25"]
[WhiteClock "0:00:11"]
[BlackClock "0:00:06"]

1. e4 g6 2. d4 Bg7 3. Nc3 d6 4. Nf3 a6 5. Be3 Nd7 6. h4 h5 7. a4 Ngf6 8. Ng5 Ng4 9. Be2 Nxe3 10. fxe3 c5 11. Qd2 O-O 12. O-O-O b5 13. g4 cxd4 14. exd4 b4 15. Nd5 e6 16. Nf4 e5 17. Nd5 exd4 18. gxh5 Nf6 19. hxg6 fxg6 20. Nxf6+ Bxf6 21. Bc4+ Kg7 22. Rdg1 Qc7 23. Bb3 Be5 24. Kb1 Bd7 25. h5 Rf6 26. hxg6 Rh8 27. Rxh8 Kxh8 28. Rh1+ Kg7 29. Rh7+ Kxg6 30. Bf7+ Rxf7 31. Rxf7 Qd8 32. Qf2 Qxg5 33. Rxd7 Bf4 34. Qf1 d3 35. cxd3 a5 36. Qh1 Kf6 37. Qh7 Ke6 38. Qf7+ Ke5 39. Qd5+ Kf6 40. Qxg5+ Kxg5 41. Ra7 Kf6 42. Rxa5 Ke6 43. Rb5 Bd2 44. a5 b3 45. a6 d5 46. a7 dxe4 47. dxe4 1-0


[Site "https://www.chess.com"]

[Event "Titled Tuesday Blitz April 25 Early 2023"]
[White "Lach, Aleksandra"]
[Black "Kuchava, Ana"]
[WhiteFideId "1134299"]
[BlackFideId "13605348"]
[WhiteElo "2111"]
[BlackElo "2001"]
[Result "0-1"]
[Round "06"]
[TimeControl "180+2"]
[Date "2023.04.25"]
[WhiteClock "0:00:03"]
[BlackClock "0:00:03"]

1. c4 e6 2. Nc3 d5 3. e3 Nf6 4. Nf3 Be7 5. b3 O-O 6. Bb2 b6 7. Qc2 Bb7 8. a3 c5 9. cxd5 Nxd5 10. Bd3 f5 11. O-O Bf6 12. Rad1 Nc6 13. Bc4 Kh8 14. Ne2 Rc8 15. Qb1 Na5 16. d3 a6 17. e4 Nxc4 18. dxc4 fxe4 19. Ne5 Bxe5 20. Bxe5 Qg5 21. cxd5 Qxe5 22. d6 Rcd8 23. Ng3 Rxd6 24. Rxd6 Qxd6 25. Rd1 Qe5 26. Qc2 Bc6 27. Qe2 h6 28. h3 b5 29. Re1 Rf4 30. Nf1 Qc3 31. Nd2 Qb2 32. g3 Rf8 33. Nxe4 Qxa3 34. Nd6 Qxb3 35. Qxe6 Qxe6 36. Rxe6 Bd5 37. Re5 Bc4 38. Re7 Bd3 39. Ra7 c4 40. Rxa6 Rf6 41. Ra8+ Kh7 42. Ne8 Rf8 43. Rd8 Bg6 0-1


[Site "https://www.chess.com"]

[Event "Titled Tuesday Blitz April 25 Early 2023"]
[White "Torres Dominguez, David"]
[Black "Tymrakiewicz, Rafal"]
[WhiteFideId "2220857"]
[BlackFideId "1108832"]
[WhiteElo "1999"]
[BlackElo "2151"]
[Result "1-0"]
[Round "06"]
[TimeControl "180+2"]
[Date "2023.04.25"]
[WhiteClock "0:00:17"]
[BlackClock "0:00:10"]

1. e4 Nf6 2. Nc3 d5 3. d3 dxe4 4. Nxe4 Nxe4 5. dxe4 Qxd1+ 6. Kxd1 e5 7. Be3 Nd7 8. Nf3 Bc5 9. Kd2 O-O 10. Bd3 f6 11. Rhd1 Bxe3+ 12. Kxe3 Nb6 13. b3 Bg4 14. Be2 Be6 15. Ne1 a5 16. a4 Nd7 17. Nd3 Rfd8 18. Nb2 Nb6 19. Nd3 Nd7 20. Nb2 Kf7 21. Bc4 Nc5 22. Bxe6+ Kxe6 23. Nc4 b6 24. g3 g6 25. f3 Na6 26. Rd2 Rxd2 27. Kxd2 Rd8+ 28. Ke2 Nb4 29. Rd1 Rxd1 30. Kxd1 f5 31. Kd2 h5 32. c3 Na6 33. exf5+ gxf5 34. Nb2 Nc5 35. b4 Nb7 36. Nc4 f4 37. gxf4 exf4 38. Kd3 Kd5 39. h4 b5 40. axb5 a4 41. b6 c5 42. Na5 Nd6 43. b7 Nxb7 44. Nxb7 cxb4 45. cxb4 a3 46. Kc3 a2 47. Kb2 Kc4 48. Nd8 Kxb4 49. Ne6 Kc4 50. Nxf4 Kd4 51. Nxh5 Ke3 52. Ng3 Kf4 53. h5 Kg5 54. Kxa2 Kh6 55. Kb2 Kg5 56. Kc3 Kh6 57. Kd4 Kg5 58. Ke4 Kf6 59. Kf4 Kg7 60. Kf5 Kh6 61. Kf6 Kh7 62. Kg5 Kg7 63. f4 Kh7 64. f5 Kg7 65. f6+ Kf7 66. Ne4 Kg8 67. Kg6 Kh8 68. Nd6 Kg8 69. f7+ Kf8 70. h6 Ke7 71. Kg7 1-0


[Site "https://www.chess.com"]

[Event "Titled Tuesday Blitz April 25 Early 2023"]
[White "Winkels, Marcel"]
[Black "Matveeva, Olga"]
[WhiteFideId "1003887"]
[BlackFideId "24107018"]
[WhiteElo "1900"]
[BlackElo "2056"]
[Result "0-1"]
[Round "06"]
[TimeControl "180+2"]
[Date "2023.04.25"]
[WhiteClock "0:00:01"]
[BlackClock "0:00:08"]

1. d4 Nf6 2. Nc3 d5 3. Bf4 c6 4. e3 e6 5. Nf3 Nbd7 6. Ne5 Be7 7. Bd3 Nxe5 8. Bxe5 O-O 9. h4 Nd7 10. Qh5 g6 11. Qh6 Nxe5 12. dxe5 Re8 13. h5 Bf8 14. Qf4 Bg7 15. O-O-O Qc7 16. hxg6 hxg6 17. Qh2 Qxe5 18. Qh7+ Kf8 19. Rh3 Ke7 20. Qh4+ Qf6 21. Qg3 Bd7 22. Rdh1 Rh8 23. Qc7 b5 24. Rxh8 Rxh8 25. Rxh8 Bxh8 26. Qxa7 Qxf2 27. Qc5+ Ke8 28. b3 Qe1+ 29. Kb2 Bf6 30. a3 Qd2 31. b4 Bxc3+ 32. Qxc3 Qxc3+ 33. Kxc3 e5 34. Be2 Ke7 35. Bf3 Kd6 36. Kd3 c5 37. Kd2 e4 38. Be2 d4 39. Bd1 Kd5 40. Be2 c4 0-1


[Site "https://www.chess.com"]

[Event "Titled Tuesday Blitz April 25 Early 2023"]
[White "White, John S."]
[Black "Buscar, Michael"]
[WhiteFideId "2502348"]
[BlackFideId "2603616"]
[WhiteElo "1999"]
[BlackElo "2010"]
[Result "0-1"]
[Round "06"]
[TimeControl "180+2"]
[Date "2023.04.25"]
[WhiteClock "0:00:03"]
[BlackClock "0:00:49"]

1. e4 c5 2. Nf3 Nc6 3. d4 cxd4 4. Nxd4 Nf6 5. Nc3 e5 6. Ndb5 h6 7. Be3 d6 8. f3 Be6 9. Na3 d5 10. exd5 Nxd5 11. Nxd5 Bxd5 12. Nb5 Rc8 13. Nc3 Bb4 14. Bd2 Be6 15. a3 Ba5 16. Bb5 O-O 17. Ne4 Bb6 18. Bc3 Nd4 19. Bxd4 Bxd4 20. c3 Bb6 21. Qxd8 Rfxd8 22. Rd1 Bb3 23. Rxd8+ Rxd8 24. Ke2 f5 25. Nd2 Be6 26. Bc4 Rxd2+ 27. Kxd2 Bxc4 28. Re1 Bc7 29. b4 b5 30. Kc2 Kf7 31. Rd1 Ke7 32. Re1 g5 33. g3 Ke6 34. Re3 a5 35. f4 gxf4 36. gxf4 e4 37. h4 axb4 38. cxb4 Bxf4 39. Re1 Bd3+ 40. Kc3 Be5+ 41. Kb3 f4 42. a4 bxa4+ 43. Kxa4 f3 44. b5 f2 45. Rc1 f1=Q 46. Rxf1 Bxf1 47. b6 e3 48. b7 e2 49. b8=Q Bxb8 0-1


[Site "https://www.chess.com"]

[Event "Titled Tuesday Blitz April 25 Early 2023"]
[White "Semenova, Alina"]
[Black "Luukkonen, Tommi"]
[WhiteFideId "24113875"]
[BlackFideId "501808"]
[WhiteElo "1833"]
[BlackElo "2296"]
[Result "1-0"]
[Round "06"]
[TimeControl "180+2"]
[Date "2023.04.25"]
[WhiteClock "0:00:25"]
[BlackClock "0:00:43"]

1. e4 c5 2. Nf3 d6 3. d4 cxd4 4. Nxd4 Nf6 5. Nc3 Nc6 6. Be3 Ng4 7. Nxc6 bxc6 8. Bg5 Qb6 9. Qd2 Qxb2 10. Rb1 Qa3 11. f3 Ne5 12. Be2 Be6 13. O-O g6 14. Rb7 Nc4 15. Bxc4 Bxc4 16. Rfb1 f6 17. Bf4 Bg7 18. R1b4 Qa6 19. Bxd6 Bf8 20. Bxe7 Be6 21. Bxf8 Rd8 22. Re7+ 1-0


[Site "https://www.chess.com"]

[Event "Titled Tuesday Blitz April 25 Early 2023"]
[White "Barwinska, Ewa"]
[Black "Medina Paz, Miguel"]
[WhiteFideId "21833761"]
[BlackFideId "7300379"]
[WhiteElo "1908"]
[BlackElo "2428"]
[Result "1-0"]
[Round "06"]
[TimeControl "180+2"]
[Date "2023.04.25"]
[WhiteClock "0:00:07"]
[BlackClock "0:00:58"]

1. e4 e6 2. d4 d5 3. Nc3 Bb4 4. e5 c5 5. a3 Bxc3+ 6. bxc3 Ne7 7. Bd3 Nbc6 8. Nf3 Qa5 9. Bd2 c4 10. Be2 Bd7 11. Rb1 O-O-O 12. Qc1 f6 13. Qb2 Qc7 14. exf6 gxf6 15. Bf4 Qb6 16. Qxb6 axb6 17. Rxb6 Ng6 18. Bg3 e5 19. dxe5 fxe5 20. Ng5 Rdf8 21. O-O h6 22. Nf3 e4 23. Nd4 Nxd4 24. cxd4 Bc6 25. Bg4+ Kd8 26. Rfb1 h5 27. Be2 h4 28. Bd6 Rf6 29. Bc5 Nf4 30. Bg4 Rg8 31. h3 Rxg4 32. hxg4 Rg6 33. f3 Kd7 34. a4 Ne2+ 35. Kf2 Nc3 36. Rxb7+ Bxb7 37. Rxb7+ Kc8 38. Rh7 Re6 39. Rh8+ Kb7 40. Rh7+ Kc8 41. Rh8+ Kb7 42. Rh7+ Ka8 43. Re7 e3+ 44. Ke1 h3 45. Rxe6 hxg2 46. Re8+ Kb7 47. Re7+ Ka6 48. Ra7# 1-0


[Site "https://www.chess.com"]

[Event "Titled Tuesday Blitz April 25 Early 2023"]
[White "Jiganchine, Roman"]
[Black "egorchess95"]
[WhiteFideId "2603667"]
[WhiteElo "2252"]
[BlackElo "2534"]
[Result "0-1"]
[Round "06"]
[TimeControl "180+2"]
[Date "2023.04.25"]
[WhiteClock "0:01:24"]
[BlackClock "0:01:01"]

1. e4 e6 2. d4 d5 3. Nd2 dxe4 4. Nxe4 Bd7 5. Bd3 Bc6 6. Nf3 Nd7 7. O-O Ngf6 8. Neg5 h6 9. Nh3 g5 10. Ne5 Nxe5 11. dxe5 Qd5 12. f3 Qxe5 13. Bd2 Qxb2 14. Qe1 O-O-O 15. Bc3 Qb6+ 16. Kh1 Bg7 17. Rb1 Qc5 18. Bb4 Qd5 19. Nf2 g4 20. c4 Qh5 21. Qe3 gxf3 22. g4 Nxg4 23. Nxg4 Qxg4 24. Rg1 f2+ 25. Rg2 Qxg2# 0-1


[Site "https://www.chess.com"]

[Event "Titled Tuesday Blitz April 25 Early 2023"]
[White "Fierz, Martin"]
[Black "Alinasab, Mobina"]
[WhiteFideId "1302132"]
[BlackFideId "12528897"]
[WhiteElo "2248"]
[BlackElo "2149"]
[Result "1-0"]
[Round "06"]
[TimeControl "180+2"]
[Date "2023.04.25"]
[WhiteClock "0:01:07"]
[BlackClock "0:00:52"]

1. e4 c6 2. d4 d5 3. e5 c5 4. Nf3 Nc6 5. dxc5 Bg4 6. Be2 e6 7. O-O Bxf3 8. Bxf3 Nxe5 9. b4 Nxf3+ 10. Qxf3 Nf6 11. Bb2 Be7 12. Nd2 O-O 13. c4 d4 14. Rfe1 Qd7 15. Nb3 d3 16. Rad1 Rfd8 17. a3 b6 18. c6 Qc7 19. b5 a6 20. Rxd3 Rxd3 21. Qxd3 axb5 22. cxb5 Bxa3 23. Ra1 Qe7 24. Bxa3 Rxa3 25. Rxa3 Qxa3 26. Qd8+ Qf8 27. c7 1-0


[Site "https://www.chess.com"]

[Event "Titled Tuesday Blitz April 25 Early 2023"]
[White "Nissinen, Niilo Man"]
[Black "Molenda, Marcin"]
[WhiteFideId "30950767"]
[BlackFideId "1173065"]
[WhiteElo "1952"]
[BlackElo "2286"]
[Result "0-1"]
[Round "06"]
[TimeControl "180+2"]
[Date "2023.04.25"]
[WhiteClock "0:00:02"]
[BlackClock "0:01:16"]

1. e4 c5 2. Nf3 d6 3. d4 cxd4 4. Nxd4 Nf6 5. Nc3 a6 6. Qd3 g6 7. Bg5 Bg7 8. f4 O-O 9. O-O-O b5 10. h4 Bb7 11. Bxf6 Bxf6 12. h5 Nc6 13. Nxc6 Bxc6 14. Qh3 Re8 15. e5 Bg7 16. Bd3 b4 17. hxg6 hxg6 18. Ne4 Bxe4 19. Bxe4 Qa5 20. f5 Qxe5 21. c3 Qxe4 22. Qh7+ Kf8 23. fxg6 Qxg6 24. Qh3 bxc3 25. b3 Rac8 26. Rdf1 Rc5 0-1


[Site "https://www.chess.com"]

[Event "Titled Tuesday Blitz April 25 Early 2023"]
[White "Womacka, Mathias"]
[Black "Chakravarthi Reddy, M"]
[WhiteFideId "4611390"]
[BlackFideId "25009532"]
[WhiteElo "2377"]
[BlackElo "2201"]
[Result "1-0"]
[Round "06"]
[TimeControl "180+2"]
[Date "2023.04.25"]
[WhiteClock "0:00:42"]
[BlackClock "0:00:23"]

1. e4 e5 2. Nf3 Nc6 3. Bb5 a6 4. Bxc6 dxc6 5. O-O Qf6 6. d4 exd4 7. Bg5 Qg6 8. Qxd4 Bg4 9. Nbd2 Be7 10. Bxe7 Nxe7 11. Ne5 Qf6 12. Ndf3 Be6 13. Nd3 Qg6 14. Nf4 Qg4 15. Nxe6 Qxe6 16. Qxg7 O-O-O 17. Qe5 Qd7 18. g3 Kb8 19. Rad1 Qxd1 20. Rxd1 Rxd1+ 21. Kg2 Ng6 22. Qf6 Rd6 23. Qc3 Re8 24. h4 1-0


[Site "https://www.chess.com"]